 Dungeon Sprint DCSS version 0.18.1-6-gd335043 (webtiles) character file.

1100000 tix the Executioner (level 14, 112/125 HPs)
             Began as a Demonspawn Gladiator on May 18, 2016.
             Was a Follower of Makhleb.
             Quit the game in the Dungeon (Sprint VIII: "Arena of Blood").
             The game lasted 00:00:37 (11 turns).

tix the Executioner (Demonspawn Gladiator)            Turns: 11, Time: 00:00:37

Health: 112/125    AC:  6    Str: 21    XL:     14   Next: 80%
Magic:  14/14      EV: 27    Int:  9    God:    Makhleb [*.....]
Gold:   0          SH:  0    Dex: 14    Spells: 0 memorised, 13 levels left

rFire  . . .     SeeInvis .     l - +∞ Axe of Woe
rCold  . . .     Gourm    .     b - +0 leather armour
rNeg   . . .     Faith    .     (shield currently unavailable)
rPois  .         Spirit   .     c - +0 helmet
rElec  .         Dismiss  .     (no cloak)
rCorr  .         Reflect  .     (no gloves)
SustAt .         Harm     .     (no boots)
MR     +....     NoTele   +     (no amulet)
Stlth  +.........               (no ring)
                                (no ring)

@: somewhat resistant to hostile enchantments, very unstealthy
A: claws 1, slimy green scales 1, powered by pain 2, rot immunity
a: Renounce Religion


You were in the Dungeon.
You worshipped Makhleb.
Makhleb was aware of your devotion.
You were not hungry.

You visited 1 branch

Inventory:

Hand Weapons
 a - a +0 war axe
 l - the +∞ Axe of Woe (weapon)
   (You found it in the Dungeon)
Missiles
 d - 3 throwing nets (quivered)
Armour
 b - a +0 leather armour (worn)
 c - a +0 helmet (worn)
Scrolls
 k - a scroll of blinking
Potions
 e - a potion of curing
 g - a potion of heal wounds
 h - a potion of haste
 i - 2 potions of magic
 j - a potion of berserk rage
Comestibles
 f - a bread ration


   Skills:
 + Level 16.2 Fighting
 + Level 23.7 Axes
 - Level 1.7 Throwing
 + Level 23.4 Dodging


You had 13 spell levels left.
You didn't know any spells.

Dungeon Overview and Level Annotations

Branches:
Dungeon (1/1)

Altars:
Makhleb


Innate Abilities, Weirdness & Mutations

You have sharp fingernails.
You are partially covered in slimy green scales (AC +2).
You sometimes gain power by taking damage.
You are immune to rotting.


Message History

Increase (S)trength, (I)ntelligence, or (D)exterity?
You feel stronger. x2
You have reached level 13!
You slash the meat berserker!
You slaughter the meat berserker joyfully.
You kill the meat berserker!
Makhleb accepts your kill.
You feel better.
Your Fighting skill gained 2 levels and is now at level 16!
Your Axes skill gained 2 levels and is now at level 23!
Your Dodging skill gained 2 levels and is now at level 23!
You have reached level 14!
Your demonic ancestry asserts itself...
You feel immune to rotting.
You hear a shout! x9
A meat berserker comes into view. It is wielding a +9 battleaxe.
Unknown command.
Unknown command.
Unknown command.
Are you sure you want to abandon this character and quit the game? (Confirm with "yes".)

.. .. .. .. #.
.# #.. ..#
.###.. ..###.
......###.....O
.......@.......
....#.))..#....
. #_.<._# .
#.....#
...o._.....
......###......
.###.. ..###.
#.. ..# #.. ..#


You could see a meat berserker (berserk) and a bag of meat.

Vanquished Creatures
  2 ogres (D)
  An orc (D)
3 creatures vanquished.

Notes
Turn   | Place    | Note
--------------------------------------------------------------
     0 | D        | tix the Demonspawn Gladiator began the quest for the Orb.
     0 | D        | Reached XP level 1. HP: 16/16 MP: 1/1
     2 | D        | Noticed a bag of meat
     3 | D        | Became a worshipper of Makhleb the Destroyer
     6 | D        | Noticed a meat berserker
     6 | D        | Noticed a bag of meat
     9 | D        | Noticed a bag of meat
     9 | D        | Killed a bag of meat
     9 | D        | Gained mutation: You sometimes gain a little power by taking damage. [demonic ancestry]
     9 | D        | Reached XP level 2. HP: 37/37 MP: 2/2
     9 | D        | Reached XP level 3. HP: 43/43 MP: 3/3
     9 | D        | Gained mutation: You have sharp fingernails. [demonic ancestry]
     9 | D        | Reached XP level 4. HP: 50/50 MP: 4/4
     9 | D        | Gained mutation: You sometimes gain power by taking damage. [demonic ancestry]
     9 | D        | Reached XP level 5. HP: 55/55 MP: 5/5
     9 | D        | Reached XP level 6. HP: 62/62 MP: 6/6
     9 | D        | Gained mutation: You are partially covered in slimy green scales (AC +2). [demonic ancestry]
     9 | D        | Reached XP level 7. HP: 68/68 MP: 7/7
     9 | D        | Reached XP level 8. HP: 75/75 MP: 8/8
     9 | D        | Reached XP level 9. HP: 81/81 MP: 9/9
     9 | D        | Reached XP level 10. HP: 87/87 MP: 10/10
     9 | D        | Reached XP level 11. HP: 93/93 MP: 11/11
    10 | D        | Noticed a meat berserker
    10 | D        | Killed a meat berserker
    10 | D        | Reached * piety under Makhleb
    10 | D        | Reached XP level 12. HP: 30/108 MP: 12/12
    10 | D        | Reached XP level 13. HP: 32/114 MP: 13/13
    10 | D        | Killed a meat berserker
    10 | D        | Gained mutation: You are immune to rotting. [demonic ancestry]
    10 | D        | Reached XP level 14. HP: 112/125 MP: 14/14
    11 | D        | Noticed a meat berserker
    11 | D        | Quit the game

Skill      XL: |  1  2  3  4  5  6  7  8  9 10 11 12 13 |
---------------+----------------------------------------+-----
Fighting       | 11 14 16 | 16.2
Axes           | 17 21 23 | 23.7
Dodging        | 17 21 23 | 23.4
Throwing       | |  1.7

Action                   |  1- 3 |  4- 6 |  7- 9 | 10-12 | 13-15 || total
-------------------------+-------+-------+-------+-------+-------++-------
Melee: Executioner's axe |     1 |       |       |     1 |       ||     2
